 Dungeon Crawl Stone Soup version 0.22-a0-422-g9628fc8 (webtiles) character file.

455 Mgcat the Ruffian (level 6, -12/65 HPs)
             Began as a Troll Fighter on May 17, 2018.
             Was a Follower of Okawaru.
             Mangled by an orc warrior
             ... wielding a +0 dire flail
              (24 damage)
             ... on level 4 of the Dungeon.
             The game lasted 00:07:28 (2674 turns).

Mgcat the Ruffian (Troll Fighter)                   Turns: 2674, Time: 00:07:29

Health: -12/65     AC:  6    Str: 30    XL:     6   Next: 76%
Magic:  4/5        EV:  8    Int:  6    God:    Okawaru [*.....]
Gold:   139        SH:  9    Dex:  9    Spells: 5/5 levels left

rFire    . . .     SeeInvis +     - Unarmed
rCold    . . .     Gourm    +   b - +0 shield
rNeg     . . .     Faith    .   a - +1 robe
rPois    .         Spirit   .   (helmet restricted)
rElec    .         Reflect  .   (no cloak)
rCorr    .         Harm     .   (gloves unavailable)
MR       .....                  (boots unavailable)
Stlth    +.........             f - amulet of regeneration {+regen, !d}
HPRegen  1.00/turn              j - ring of see invisible {sInv, !d}
MPRegen  0.09/turn              (no ring)

@: mighty
A: large, unfitting armour, claws 3, fast metabolism 3, gourmand, regeneration
1, shaggy fur 1, tough skin 2
a: Heroism, Renounce Religion


You were on level 4 of the Dungeon.
You worshipped Okawaru.
Okawaru was aware of your devotion.
You were full.

You visited 1 branch of the dungeon, and saw 4 of its levels.
You also visited: Sewer.

You collected 139 gold pieces.

Inventory:

Armour
 a - a +1 robe (worn)
 b - a +0 shield (worn)
Magical Staves
 m - an uncursed staff of earth
   (You found it in a sewer)
Jewellery
 f - an amulet of regeneration (around neck) {+regen, !d}
   (You found it on level 3 of the Dungeon)
 j - a ring of see invisible (left claw) {sInv, !d}
   (You found it on level 2 of the Dungeon)
Scrolls
 e - 2 scrolls of identify
 i - a scroll of remove curse
 n - a scroll of fear
Potions
 c - a potion of might
 g - a potion of lignification {!q}
 h - a potion of degeneration {unknown}
 l - a potion of ambrosia {unknown}
 s - 2 potions of curing {unknown}
Comestibles
 d - 12 rations


   Skills:
 + Level 4.8 Fighting
 - Level 2.4 Dodging
 - Level 2.4 Shields
 + Level 5.3 Unarmed Combat


You had 5 spell levels left.
You didn't know any spells.
Your spell library was empty.

Dungeon Overview and Level Annotations

Branches:
Dungeon (4/15)
 Temple: D:4-7

Altars:
Elyvilon
Okawaru
Qazlal
Ru
Yredelemnul
Zin


Innate Abilities, Weirdness & Mutations

You are too large for most types of armour.
You have claws for hands.
Your metabolism is lightning-fast.
You like to eat raw meat.
Your natural rate of healing is unusually fast.
You are covered in fur. (AC +1)
You have very tough skin. (AC +2)


Message History

You climb downwards.
There is a stone staircase leading up here.
There is an escape hatch in the ceiling here.
There is a stone staircase leading down here.
e - 2 scrolls of identify (gained 1)
There is a stone staircase leading down here.
h - a bubbling silvery potion A scorpion comes into view.
The scorpion stings you.
You claw the scorpion!
The scorpion is almost dead.
You block the scorpion's attack.
Your shield prevents you from hitting the scorpion.
The scorpion is almost dead.
The scorpion stings you.
You are poisoned.
The scorpion poisons you!
You scratch the scorpion.
The scorpion is almost dead.
You feel sick. The scorpion stings you.
You claw the scorpion!
You kill the scorpion!
Okawaru accepts your kill.
You feel sick.
No target in view!
No target in view!
You feel sick.
You feel sick.
You feel sick.
You feel sick.
You feel sick.
You feel sick.
HP restored.
You feel sick.
An orc comes into view. It is wielding a whip.
You feel sick.
You are no longer poisoned.
An orc warrior comes into view. It is wielding a dire flail.
The orc warrior shouts!
You hear a shout!
An orc comes into view. It is wielding a dagger.
An orc comes into view.
The orc shouts!
You gain the combat prowess of a mighty hero.
You closely miss the orc. You block the orc's attack.
You closely miss the orc. The orc closely misses you.
You scratch the orc.
The orc is moderately wounded.
You block the orc's attack.
You claw the orc!
You kill the orc!
Okawaru accepts your kill. You block the orc warrior's attack.
Things that are here:
a whip; a chain mail You closely miss the orc warrior.
You block the orc warrior's attack.
You scratch the orc warrior but do no damage.
You block the orc warrior's attack.
You closely miss the orc warrior. You block the orc warrior's attack.
You scratch the orc warrior.
The orc warrior is lightly wounded.
Your shield prevents you from hitting the orc warrior.
The orc warrior is lightly wounded.
You block the orc warrior's attack.
You scratch the orc warrior but do no damage.
The orc warrior is lightly wounded.
You feel like a meek peon again.
The orc warrior hits you with a dire flail!!
You closely miss the orc warrior.
The orc warrior is lightly wounded.
You block the orc warrior's attack.
You closely miss the orc warrior.
The orc warrior is lightly wounded.
The orc warrior hits you with a dire flail.
You scratch the orc warrior but do no damage.
The orc warrior is lightly wounded.
You scratch the orc warrior.
The orc warrior is moderately wounded.
The orc warrior hits you with a dire flail.
You scratch the orc warrior.
The orc warrior is heavily wounded.
You block the orc warrior's attack.
You scratch the orc warrior.
The orc warrior is heavily wounded.
The orc warrior hits you with a dire flail!!
You completely miss the orc warrior.
The orc warrior is heavily wounded.
The orc warrior hits you with a dire flail.
You scratch the orc warrior.
The orc warrior is heavily wounded.
The orc warrior hits you with a dire flail!
* * * LOW HITPOINT WARNING * * *
You feel very mighty all of a sudden.
The orc warrior hits you with a dire flail.
* * * LOW HITPOINT WARNING * * *
You closely miss the orc warrior.
The orc warrior is heavily wounded.
You closely miss the orc warrior.
The orc warrior is heavily wounded.
The orc warrior hits you with a dire flail!!
You die...

#. #.# ###)# #.## #.#
#.# #... #.# #.#
##.o# #.# #.# ..o##
#.# .o. #.# #.# #.#
#.#################.#
#ooo@................
##################.##
#.# #.# #.# #.# #.#
#.# ..#


You could see an orc warrior and 2 orcs.

Vanquished Creatures
  A bullfrog (Sewer)
  A scorpion (D:4)
  A hound (D:2)
  A jelly (D:2)
  An iguana (D:4)
  3 gnolls (D:3)
  8 adders
  2 oozes
  A worm (D:3)
  4 dart slugs
  10 leopard geckos
  7 orcs
  6 ball pythons
  11 giant cockroaches
  9 goblins
  11 hobgoblins
  8 jackals
  6 kobolds
  7 bats
  12 frilled lizards
  12 rats
122 creatures vanquished.

Vanquished Creatures (others)
  3 plants (D:1)
3 creatures vanquished.

Grand Total: 125 creatures vanquished

Notes
Turn   | Place    | Note
-------+----------+-------------------------------------------
     0 | D:1      | Mgcat the Troll Fighter began the quest for the Orb.
     0 | D:1      | Reached XP level 1. HP: 22/22 MP: 0/0
    56 | D:1      | Reached XP level 2. HP: 28/29 MP: 1/1
   199 | D:1      | Reached skill level 3 in Fighting
   236 | D:1      | Reached XP level 3. HP: 37/37 MP: 2/2
   419 | D:1      | Reached skill level 3 in Unarmed Combat
   843 | D:2      | Reached XP level 4. HP: 45/45 MP: 3/3
   930 | D:2      | Found an iron altar of Okawaru.
   939 | D:2      | Became a worshipper of Warmaster Okawaru
   957 | D:2      | HP: 7/45 [kobold/short sword of electrocution (19)]
  1176 | D:2      | Reached XP level 5. HP: 54/54 MP: 4/4
  1270 | D:2      | Reached skill level 4 in Unarmed Combat
  1329 | D:2      | Found a basalt altar of Yredelemnul.
  1334 | D:2      | Found a glowing silver altar of Zin.
  1339 | D:2      | Found a sacrificial altar of Ru.
  1494 | D:3      | Found a stormy altar of Qazlal.
  1537 | D:3      | Found a white marble altar of Elyvilon.
  1679 | D:3      | Reached skill level 4 in Fighting
  1767 | D:3      | Found a glowing drain.
  1786 | Sewer    | Entered a sewer
  1911 | Sewer    | Reached XP level 6. HP: 62/62 MP: 5/5
  2044 | Sewer    | Reached skill level 5 in Unarmed Combat
  2405 | D:3      | Found a faded altar of an unknown god.
  2529 | D:4      | Reached * piety under Okawaru
  2647 | D:4      | Noticed an orc warrior
  2671 | D:4      | HP: 15/65 [orc warrior/dire flail (7)]
  2674 | D:4      | Mangled by an orc warrior

Vault maps used:
D:1:      dpeg_arrival_connections, wad_woods_river_04, nrook_mini_backslash,
          minmay_misc_feat_hallway
D:2:      minmay_overflow_temple_star_quad, okawaru_trees_2, grunt_ministairs_6
D:3:      lemuel_crystal_altar, lemuel_crystal_altar,
          chequers_ecumenical_altar_grove, first_ration, gup_sewer_entry_pipe
D:4:      kennysheep_generic_room_9
Sewer:    sewer_frog_island_01

Skill      XL: |  1  2  3  4  5  6 |
---------------+-------------------+-----
Fighting       | 3 4 |  4.8
Unarmed Combat | 3 4 5 |  5.3
Dodging        | |  2.4
Shields        | |  2.4

Action                   |  1- 3 |  4- 6 || total
-------------------------+-------+-------++-------
Melee: Unarmed           |   116 |   261 ||   377
Invok: Heroism           |       |     1 ||     1
  Use: Scroll            |       |     9 ||     9
       Potion            |       |     1 ||     1
 Stab: Distracted        |       |     1 ||     1
       Sleeping          |       |     1 ||     1
  Eat: Chunk             |    14 |    14 ||    28
Armor: Robe              |    31 |    85 ||   116
Dodge: Dodged            |    39 |    65 ||   104
Block: Shield            |    49 |    97 ||   146

Table legend:
 A = Spawn XP
 B = Non-spawn XP
 C = Spawn XP percentage of total XP
 D = Spawn monster count
 E = Non-spawn monster count
 F = Spawn count percentage of total count
 G = Total turns spent on level
                    A         B        C        D         E        F      G
               +---------+---------+-------+---------+---------+-------+---------
         Total |       0 |     650 |   0.0 |       0 |     122 |   0.0 |  2674
               +---------+---------+-------+---------+---------+-------+---------
           D:1 |       0 |      68 |   0.0 |       0 |      34 |   0.0 |   864
           D:2 |       0 |     145 |   0.0 |       0 |      26 |   0.0 |   605
           D:3 |       0 |     144 |   0.0 |       0 |      39 |   0.0 |   787
           D:4 |       0 |     113 |   0.0 |       0 |       4 |   0.0 |   141
         Sewer |       0 |     180 |   0.0 |       0 |      19 |   0.0 |   277
               +---------+---------+-------+---------+---------+-------+---------

Vault maps used:
D:1:      dpeg_arrival_connections, wad_woods_river_04, nrook_mini_backslash,
          minmay_misc_feat_hallway
D:2:      minmay_overflow_temple_star_quad, okawaru_trees_2, grunt_ministairs_6
D:3:      lemuel_crystal_altar, lemuel_crystal_altar,
          chequers_ecumenical_altar_grove, first_ration, gup_sewer_entry_pipe
D:4:      kennysheep_generic_room_9
Sewer:    sewer_frog_island_01

Table legend:
 A = Turns spent in this place as a percentage of turns spent in the entire game.
 B = Non-inter-level travel turns spent in this place as a percentage of non-inter-level travel turns spent in the entire game.
 C = Inter-level travel turns spent in this place as a percentage of turns spent in this place.
 D = Turns resting spent in this place as a percentage of non-inter-level travel turns spent in this place.
 E = Turns spent auto-exploring this place as a percentage of non-inter-level travel turns spent in this place.
 F = Non-inter-level travel turns spent in this place divided by the number of levels of this place that you've seen.
                   A       B       C       D       E      F
               +-------+-------+-------+-------+-------+----------------------
         Total | 100.0 | 100.0 |   5.0 |   0.3 |  69.5 | 508.2
       Dungeon |  89.6 |  89.1 |   5.5 |   0.4 |  72.0 | 566.0
         Sewer |  10.4 |  10.9 |   0.0 |   0.0 |  48.7 | 277.0
               +-------+-------+-------+-------+-------+----------------------

Table legend:
 A = Kills in this place as a percentage of kills in entire the game.
 B = Kills by you in this place as a percentage of kills by you in the entire game.
 C = Kills by friends in this place as a percentage of kills by friends in the entire game.
 D = Other kills in this place as a percentage of other kills in the entire game.
 E = Experience gained in this place as a percentage of experience gained in the entire game.
 F = Experience gained in this place divided by the number of levels of this place that you have seen.
                   A       B       C       D       E      F
               +-------+-------+-------+-------+-------+----------------------
         Total | 100.0 | 100.0 |   N/A |   N/A | 100.0 | 130.0
       Dungeon |  84.4 |  84.4 |   N/A |   N/A |  72.3 | 117.5
         Sewer |  15.6 |  15.6 |   N/A |   N/A |  27.7 | 180.0
               +-------+-------+-------+-------+-------+----------------------
